Map: Ulzaan

Players

Nightmare - Winner!

  • Race: Protoss Protoss
  • League: Gold
  • Spawn Location: 9:00

XxDepravity - Winner!

  • Race: Zerg Zerg
  • League: Gold
  • Spawn Location: 11:00

NesT

  • Race: Terran Terran
  • League: Diamond
  • Spawn Location: 3:00

Ryub

  • Race: Protoss Protoss
  • League: Diamond
  • Spawn Location: 1:00

VOD

Have the link to the VOD?

Description

Lots of fighting. Much death. Many bases.

Time

  • Played on: Feb. 11, 2019, 9:16 p.m.
  • Length: 20:43
Show
View Real Time Build Order
Export as new Build Order

Nightmare Protoss - Winner!

Build Orders: Zealot Archon, Dark Templar Rush 

Get SALT Encoding   

  1  0:00  Probe  
  12  0:06  Probe  
  14  0:16  Probe  
  15  0:23  Pylon  
  15  0:41  Gateway, Probe  
  16  0:52  Assimilator  
  16  0:53  Probe  
  17  1:02  Probe  
  17  1:10  Probe  
  18  1:11  Gateway  
  19  1:19  Probe  
  20  1:29  Cybernetics Core  
  20  1:31  Probe  
  21  1:33  Pylon  
  21  1:37  Assimilator  
  21  1:43  Probe  
  22  1:47  Warp Gate  
  22  1:54  Gateway  
  22  1:55  Probe  
  23  2:15  Stalker  
  25  2:20  Twilight Council  
  25  2:44  Nexus  
  25  2:54  Probe  
  26  2:58  Pylon  
  26  3:06  Probe  
  26  3:07  Charge  
  27  3:15  Gateway  
  27  3:18  Probe  
  28  3:30  Dark Shrine  
  28  3:36  Probe  
  29  3:45  Robotics Facility  
  29  3:48  Probe  
  29  3:50  Pylon  
  29  3:53  Probe  
  30  4:00  Probe  
  30  4:01  Probe  
  33  4:10  Forge  
  33  4:11  Probe x2  
  35  4:19  Probe  
  35  4:23  Probe  
  37  4:27  Probe  
  38  4:35  Probe  
  38  4:36  Stargate  
  39  4:38  Stalker  
  39  4:41  Stalker  
  43  4:47  Stalker  
  39  5:09  Zealot x3  
  45  5:14  Stalker  
  47  5:33  Probe x2  
  49  5:36  Assimilator  
  49  5:40  Assimilator  
  49  5:43  Stalker x2  
  49  5:45  Probe x2, Pylon  
  55  5:50  Dark Templar  
  55  5:51  Pylon  
  55  5:53  Dark Templar  
  55  5:54  Probe  
  55  5:55  Probe  
  59  5:58  Pylon  
  59  6:02  Probe  
  59  6:03  Probe  
  63  6:12  Probe  
  64  6:28  Pylon  
  64  6:29  Gateway  
  64  6:31  Gateway  
  64  6:32  Gateway  
  64  6:36  Protoss Ground Weapons Level 1  
  64  6:49  Dark Templar  
  64  6:50  Dark Templar x3  
  64  6:54  Archon x2  
  72  7:05  Nexus  
  72  7:27  Warp Prism  
  72  7:29  Pylon  
  74  7:30  Pylon  
  74  7:49  Zealot  
  74  7:50  Zealot x3  
  82  7:51  Pylon  
  82  7:55  Stalker x3  
  88  8:03  Observer  
  85  8:12  Assimilator  
  81  8:16  Assimilator  
  81  8:35  Zealot  
  81  8:36  Zealot, Stalker x2  
  81  8:37  Stalker x2  
  93  8:42  Probe, Stalker  
  96  8:50  Probe  
  96  8:54  Blink  
  97  9:00  Probe, Stalker x3  
  97  9:01  Stalker x3  
  110  9:12  Probe  
  111  9:24  Probe  
  112  9:27  Protoss Shields Level 1  
  112  9:32  Pylon  
  112  9:34  Pylon  
  112  9:35  Probe  
  112  9:36  Pylon  
  112  9:38  Pylon  
  113  9:40  Pylon  
  113  9:43  Probe, Photon Cannon  
  113  9:45  Photon Cannon  
  113  9:47  Shield Battery  
  113  9:48  Templar Archives  
  113  9:50  Dark Templar x2  
  113  9:51  Probe  
  118  9:54  Archon  
  119  10:06  Dark Templar x2  
  119  10:07  Dark Templar x2  
  127  10:24  Stalker x3  
  133  10:32  Forge  
  133  10:43  High Templar x2  
  133  10:46  Probe  
  133  10:47  Archon  
  133  10:48  Zealot x4  
  145  10:55  Probe  
  147  11:04  Probe  
  147  11:06  Dark Templar  
  150  11:12  Psionic Storm  
  150  11:16  Probe  
  126  11:28  Probe  
  109  11:34  Dark Templar x2  
  109  11:35  Zealot, Dark Templar  
  109  11:36  Zealot x2  
  111  11:49  Zealot  
  85  12:03  Dark Templar x2  
  85  12:04  Dark Templar  
  71  12:11  Zealot x3  
  71  12:12  Zealot  
  75  12:17  Gateway  
  75  12:18  Gateway, Protoss Shields Level 2  
  75  12:20  Gateway  
  75  12:22  Gateway  
  75  12:24  Photon Cannon  
  75  12:27  Photon Cannon  
  75  12:29  Shield Battery  
  75  12:30  Probe  
  76  12:38  Probe  
  77  12:47  High Templar x4  
  77  12:48  High Templar, Probe  
  77  12:49  Zealot  
  77  12:50  Protoss Ground Armor Level 1, Zealot  
  92  13:00  Probe  
  93  13:12  Probe  
  80  13:47  Zealot x4  
  80  13:48  Zealot x3  
  94  13:58  Nexus  
  94  14:00  Assimilator  
  92  14:05  Assimilator  
  92  14:08  Pylon  
  92  14:10  Pylon  
  92  14:23  Protoss Ground Weapons Level 2  
  68  14:35  Dark Templar x3  
  68  14:36  Dark Templar x3  
  68  14:37  Dark Templar  
  80  14:41  Dark Templar  
  80  14:42  Protoss Shields Level 3, Dark Templar x3  
  88  14:45  Archon  
  88  14:46  Archon x4  
  88  15:08  Zealot x2  
  88  15:09  Zealot x5  
  88  15:13  Probe  
  103  15:28  High Templar x2  
  105  15:29  High Templar x2  
  105  15:30  Zealot x2  
  115  15:37  Stalker  
  117  15:45  High Templar  
  117  15:47  High Templar  
  121  15:51  Archon  
  94  16:24  Zealot x2  
  94  16:25  Zealot x5  
  82  16:44  Zealot x2  
  82  16:45  Zealot x7  
  82  16:46  Zealot x2  
  88  16:59  Assimilator  
  66  17:16  Zealot x4  
  66  17:17  Zealot x3  
  63  17:28  Dark Templar x2  
  51  17:33  Dark Templar  
  52  17:40  Nexus  
  43  18:14  Nexus  
  42  18:41  Zealot x2  
  31  18:54  Dark Templar x3  
  37  19:08  Zealot  
  34  19:36  Dark Templar  
  24  19:55  Dark Templar x2  
  24  19:59  Zealot  
Show
View Real Time Build Order
Export as new Build Order

XxDepravity Zerg - Winner!

Build Orders: Hatch First 

Get SALT Encoding   

  12  0:01  Drone  
  13  0:13  Overlord  
  13  0:18  Drone  
  14  0:31  Drone  
  14  0:32  Drone  
  16  0:36  Drone  
  17  0:59  Drone, Hatchery  
  17  1:00  Drone  
  18  1:17  Extractor  
  18  1:18  Spawning Pool  
  16  1:22  Drone  
  16  1:25  Drone  
  18  1:37  Drone  
  19  1:46  Overlord  
  19  2:02  Drone  
  19  2:06  Zergling x2, Queen  
  23  2:11  Queen  
  23  2:12  Zergling x2  
  23  2:14  Drone  
  27  2:27  Metabolic Boost  
  27  2:34  Drone, Zergling x4  
  27  2:35  Drone  
  31  2:55  Hatchery  
  31  2:56  Drone  
  31  2:57  Drone  
  32  3:02  Overlord  
  32  3:07  Drone  
  33  3:25  Drone  
  33  3:26  Drone x6  
  40  3:33  Extractor  
  40  3:34  Drone  
  40  3:36  Evolution Chamber  
  39  3:44  Queen  
  37  4:17  Drone x12  
  38  4:18  Drone  
  38  4:20  Overlord  
  45  5:05  Queen  
  45  5:06  Queen  
  49  5:08  Zergling x2  
  49  5:09  Zergling x16  
  56  5:20  Queen  
  56  5:41  Queen  
  56  5:42  Zerg Ground Armor Level 1, Spore Crawler  
  57  5:48  Extractor  
  56  5:50  Drone  
  56  5:51  Drone  
  56  5:52  Overlord x5  
  56  5:53  Overlord  
  56  6:16  Zergling x22  
  56  6:17  Zergling x2  
  61  6:19  Queen  
  61  6:20  Queen x2  
  67  6:27  Drone  
  67  6:28  Drone, Overlord  
  69  6:36  Spine Crawler  
  68  6:56  Spore Crawler  
  68  6:58  Spine Crawler  
  66  7:01  Lair  
  66  7:08  Extractor  
  66  7:13  Drone x5, Overlord x2  
  66  7:14  Overlord x3  
  66  7:15  Drone x3  
  73  7:17  Extractor  
  72  7:32  Spore Crawler  
  72  7:33  Drone x5  
  76  7:38  Spine Crawler  
  75  7:45  Zergling x12  
  81  7:56  Spine Crawler  
  81  7:57  Spore Crawler  
  79  8:11  Queen x2  
  79  8:12  Queen  
  69  8:39  Zergling x14  
  69  8:40  Zergling x10  
  72  8:48  Zergling x10  
  72  8:50  Queen x2  
  69  9:08  Queen  
  70  9:15  Spire  
  69  9:25  Drone  
  69  9:26  Queen  
  72  9:42  Zerg Melee Weapons Level 1  
  72  9:55  Spore Crawler  
  72  9:57  Drone  
  72  9:58  Drone x10  
  79  10:00  Spine Crawler  
  67  10:22  Drone x3  
  67  10:23  Drone x5  
  75  10:31  Extractor  
  75  10:34  Mutalisk  
  75  10:35  Mutalisk x2  
  80  10:46  Mutalisk  
  80  10:47  Mutalisk x10  
  102  10:51  Zerg Flyer Weapons Level 1  
  102  10:55  Overlord x4  
  102  11:04  Spire  
  102  11:06  Mutalisk  
  102  11:07  Mutalisk x2  
  107  11:23  Drone x2  
  107  11:24  Infestation Pit  
  108  11:26  Overlord x5  
  108  11:27  Overlord x2  
  108  11:28  Mutalisk x3  
  114  11:39  Zergling x6  
  117  12:15  Mutalisk  
  117  12:16  Mutalisk x14  
  117  12:19  Overlord x2  
  134  12:48  Zergling x10  
  134  12:49  Zergling x22  
  134  13:37  Mutalisk x8  
  134  13:38  Mutalisk x5  
  148  13:55  Mutalisk x3  
  142  14:00  Drone x4  
  144  14:23  Zerg Flyer Armor Level 1, Zerg Flyer Weapons Level 2  
  136  14:26  Hive  
  120  14:54  Zergling x14  
  120  14:55  Zergling x22  
  138  15:17  Extractor  
  138  15:18  Hatchery  
  138  15:19  Extractor  
  130  15:47  Mutalisk x9  
  131  16:08  Mutalisk x3  
  133  16:31  Mutalisk x7  
  147  17:16  Mutalisk  
  147  17:17  Mutalisk x7  
  163  17:33  Mutalisk x3  
  169  17:59  Zerg Flyer Armor Level 2, Zerg Flyer Weapons Level 3  
  169  18:29  Mutalisk  
  169  18:30  Mutalisk x5  
  181  18:43  Mutalisk x2  
  177  19:14  Mutalisk  
  177  19:15  Mutalisk x10  
  182  19:29  Mutalisk x2  
  186  19:54  Mutalisk  
  186  19:55  Mutalisk x2  
  142  20:14  Mutalisk  
  142  20:15  Mutalisk  
Show
View Real Time Build Order
Export as new Build Order

NesT Terran 

Build Orders: 1/1/1, Liberator Opening 

Get SALT Encoding   

  12  0:01  SCV  
  13  0:13  SCV  
  14  0:19  Supply Depot  
  14  0:25  SCV  
  15  0:30  Refinery  
  15  0:41  SCV  
  16  0:46  Barracks  
  16  0:53  SCV  
  17  1:00  Refinery  
  17  1:05  SCV  
  18  1:17  SCV  
  19  1:29  SCV  
  20  1:34  Marine  
  20  1:36  Factory  
  21  1:42  Orbital Command  
  21  1:50  Supply Depot  
  21  2:04  Marine  
  22  2:14  Supply Depot  
  22  2:23  Starport  
  22  2:30  Factory Reactor  
  22  2:31  Starport  
  22  2:34  Marine  
  23  2:40  SCV  
  23  2:43  Liberator  
  24  2:53  Bunker  
  24  2:55  SCV  
  25  2:58  Marine  
  29  3:20  Viking  
  29  3:21  Viking  
  29  3:26  Liberator  
  33  3:29  Supply Depot  
  36  4:02  Viking  
  37  4:36  Viking x2  
  37  4:38  SCV  
  42  4:42  Command Center  
  42  4:49  Liberator  
  39  5:07  Viking  
  41  5:12  SCV  
  40  5:22  Liberator  
  40  5:24  SCV  
  41  5:36  SCV  
  45  5:48  SCV  
  46  5:50  Liberator  
  46  5:53  Orbital Command  
  46  5:56  Refinery  
  46  5:58  Refinery  
  46  6:00  SCV  
  47  6:06  Factory Tech Lab  
  46  6:12  SCV  
  47  6:19  Viking  
  47  6:21  SCV  
  47  6:24  Liberator  
  50  6:29  SCV  
  51  6:36  SCV  
  52  6:45  Liberator  
  55  6:57  SCV  
  59  7:12  Command Center  
  59  7:15  SCV  
  60  7:25  SCV  
  60  7:28  Engineering Bay  
  60  7:29  Supply Depot x2  
  61  7:30  Supply Depot  
  61  7:33  Supply Depot  
  61  7:49  SCV  
  61  7:50  Viking  
  61  7:51  Siege Tank  
  67  7:54  Supply Depot  
  67  7:55  Supply Depot  
  67  8:04  SCV  
  68  8:09  SCV  
  69  8:16  SCV  
  69  8:36  Hellion  
  67  8:44  Viking x2  
  63  8:58  Hellion  
  58  9:19  Hellion  
  58  9:20  Liberator x2  
  57  9:26  Starport Reactor  
  57  9:28  SCV  
  57  9:31  Factory, SCV  
  59  9:33  Factory  
  59  9:36  Barracks Reactor, Supply Depot  
  65  9:40  Hellion, SCV  
  65  9:42  Orbital Command  
  65  9:43  SCV  
  65  9:44  Refinery  
  69  9:46  Refinery  
  69  9:51  Infernal Pre-Igniter  
  69  9:52  SCV  
  70  9:55  SCV  
  70  9:56  Armory  
  70  9:59  Liberator x2, Supply Depot  
  71  10:01  Siege Tank  
  71  10:04  SCV  
  75  10:13  SCV  
  76  10:17  SCV  
  76  10:18  Liberator, SCV  
  84  10:23  Barracks Tech Lab  
  84  10:26  SCV  
  85  10:29  SCV, Supply Depot  
  85  10:30  SCV  
  85  10:31  Supply Depot  
  85  10:33  Siege Tank  
  85  10:34  Hellion x3  
  85  10:35  Hellion  
  101  10:38  SCV  
  101  10:41  SCV  
  101  10:42  Liberator, SCV  
  102  11:03  Liberator x2  
  105  11:10  Thor  
  111  11:13  Hellion x4  
  111  11:16  SCV  
  120  11:23  Factory  
  120  11:25  Factory  
  126  11:26  SCV x2  
  126  11:28  SCV  
  129  11:34  Hellion x3  
  129  11:38  SCV x2  
  130  11:40  SCV  
  96  11:49  Liberator  
  96  11:52  SCV  
  87  12:01  Thor  
  91  12:02  Hellion x2  
  91  12:08  Hellion x2  
  80  12:23  Hellion x2, Barracks Tech Lab  
  80  12:29  Hellion x2  
  88  12:36  SCV  
  89  12:41  Missile Turret  
  89  12:42  Missile Turret  
  89  12:43  Thor  
  95  12:44  Missile Turret  
  95  12:47  Missile Turret  
  95  12:59  Missile Turret  
  95  13:00  Missile Turret  
  95  13:02  SCV x3  
  89  13:17  Siege Tank  
  89  13:19  Missile Turret  
  92  13:23  SCV  
  92  13:26  Thor  
  99  13:27  Missile Turret  
  99  13:30  Missile Turret  
  92  13:35  SCV  
  42  13:49  Thor  
  36  14:00  SCV  
  27  14:26  Thor x2, Hellion x4  
  47  14:35  SCV  
  48  14:39  SCV  
  48  14:41  SCV  
  50  14:47  SCV  
  50  14:51  SCV  
  52  14:53  SCV  
  52  14:59  SCV  
  54  15:03  SCV  
  55  15:11  SCV x2  
  57  15:17  Hellion x4  
  57  15:18  Hellion  
  67  15:23  SCV  
  53  15:55  Hellion x4, SCV  
  42  16:31  Hellion  
  42  16:32  Hellion x3  
  38  16:46  Hellion  
  33  16:47  SCV  
  33  17:10  Hellion x3  
  33  19:00  Hellion x3  
  29  19:04  Hellion  
  21  20:19  Supply Depot  
Show
View Real Time Build Order
Export as new Build Order

Ryub Protoss 

Build Orders:  

Get SALT Encoding   

  12  0:01  Probe  
  13  0:13  Probe  
  14  0:18  Pylon  
  14  0:23  Probe  
  15  0:32  Probe  
  16  0:43  Gateway  
  16  0:50  Probe  
  16  0:52  Assimilator  
  17  1:00  Probe  
  18  1:06  Pylon  
  18  1:08  Probe  
  18  1:16  Probe  
  20  1:28  Probe  
  20  1:29  Assimilator  
  21  1:35  Cybernetics Core  
  21  1:40  Probe  
  22  1:53  Probe  
  23  2:01  Gateway  
  23  2:03  Zealot  
  23  2:05  Probe  
  26  2:10  Warp Gate  
  26  2:18  Probe  
  27  2:28  Robotics Facility  
  27  2:31  Sentry  
  29  2:42  Pylon  
  29  2:45  Pylon  
  29  2:49  Stalker  
  31  3:00  Gateway, Stalker  
  33  3:05  Probe  
  33  3:10  Pylon  
  34  3:15  Observer  
  35  3:28  Immortal  
  35  3:36  Probe  
  40  4:08  Stalker, Observer  
  40  4:09  Stalker x2  
  47  4:26  Probe  
  48  4:35  Nexus  
  48  4:40  Immortal  
  48  4:43  Sentry  
  54  4:56  Pylon  
  54  4:58  Pylon  
  54  5:24  Observer  
  54  5:28  Forge  
  55  5:30  Forge  
  55  5:34  Assimilator  
  55  5:38  Probe  
  55  5:39  Assimilator  
  56  5:50  Probe  
  56  5:52  Probe  
  58  5:58  Probe  
  58  6:00  Sentry x2  
  58  6:02  Zealot  
  65  6:05  Probe  
  65  6:07  Probe  
  67  6:16  Protoss Ground Weapons Level 1  
  67  6:17  Probe x2  
  67  6:18  Protoss Ground Armor Level 1  
  68  6:25  Probe  
  69  6:29  Probe  
  71  6:33  Probe  
  71  6:36  Twilight Council  
  72  6:41  Probe  
  72  6:42  Probe  
  74  6:50  Probe  
  74  6:53  Probe  
  75  6:57  Immortal  
  75  7:00  Probe  
  80  7:02  Stalker x2  
  80  7:05  Probe  
  80  7:08  Blink  
  86  7:32  Pylon  
  86  7:34  Pylon  
  86  7:37  Pylon  
  86  7:39  Pylon  
  86  7:50  Probe  
  87  8:02  Probe  
  86  8:14  Probe  
  86  8:17  Stalker x3  
  93  8:20  Immortal  
  93  8:26  Probe  
  98  8:32  Robotics Bay  
  98  8:40  Gateway  
  98  8:42  Gateway  
  98  8:46  Gateway  
  98  8:48  Gateway  
  98  8:52  Gateway, Protoss Ground Armor Level 2  
  98  9:02  Protoss Shields Level 1  
  98  9:03  Charge  
  98  9:13  Colossus  
  98  9:21  Extended Thermal Lance  
  104  9:36  Nexus  
  104  9:39  Pylon  
  104  9:41  Pylon  
  104  9:43  Assimilator  
  104  9:47  Assimilator  
  104  9:57  Colossus  
  102  10:14  Zealot x6  
  112  10:15  Zealot x2  
  124  10:39  Shield Battery  
  124  10:42  Shield Battery  
  124  10:45  Shield Battery  
  124  10:47  Photon Cannon  
  124  10:49  Photon Cannon  
  124  10:51  Probe x3, Observer, Photon Cannon  
  128  10:59  Pylon  
  128  11:03  Probe x3  
  131  11:15  Probe x2  
  75  11:37  Stalker  
  75  11:38  Stalker x2  
  67  11:44  Colossus  
  67  11:48  Templar Archives  
  72  12:09  Stalker  
  72  12:10  Stalker x5  
  72  12:11  Stalker x2  
  66  12:39  Immortal  
  70  12:51  Pylon  
  70  12:52  Stalker x2  
  70  12:53  Stalker x3  
  80  13:08  Colossus  
  82  13:25  High Templar x2  
  82  13:26  High Templar  
  86  13:27  High Templar  
  86  13:30  Archon  
  86  13:31  Archon  
  88  13:48  Zealot  
  88  13:49  Zealot x3  
  96  14:01  Immortal  
  98  14:22  Stalker  
  98  14:23  Stalker x3  
  90  14:40  Zealot x4  
  90  14:41  Immortal  
  102  15:02  Zealot x3  
  102  15:03  Zealot x4  
  102  15:04  Zealot  
  102  15:06  Probe  
  119  15:15  Probe  
  119  15:19  Colossus  
  126  15:24  Probe  
  127  15:36  Probe  
  127  15:41  Zealot x3  
  134  15:49  Probe  
  129  16:14  Stalker x2  
  133  16:39  Pylon  
  89  17:37  Stalker x2  
  85  18:52  Nexus  
  81  19:47  Nexus  
Tags
 
Add a new tag
Caveats
  • Supply blocks, unpowered buildings, or Contaminate may cause inaccurate times.
  • Supply counts are checked every 10 seconds.